3AAA
ELLENBURG FIGHTING DACHSUNDS @ PENNSAUKEN FLYERS
05/22/2030
 
TOP OF THE 1ST
Ellenburg Fighting Dachsunds batting - Pitching for Pennsauken Flyers : RHP Vincent O'Higgin
Pitching: RHP Vincent O'Higgin
Batting: LHB Dong-hwan Yun 0-0: Fly out, F6 (Line Drive, 6M)
Batting: RHB Manny Bendixen 0-0: Ball
1-0: Ground out 5-3 (Groundball, 56)
Batting: RHB Steve Koch 0-0: Swinging Strike
0-1: Foul Ball, location: 2F
0-2: Ball
1-2: SINGLE (Line Drive, 9LS)
Batting: RHB Edgar Balerio 0-0: Ball
1-0: Called Strike
1-1: Ball
2-1: DOUBLE (Line Drive, 89XD)
Steve Koch to third
Runner from 3rd tries for Home, SAFE, no throw
Batting: LHB Michael Neely 0-0: Swinging Strike
0-1: Ball
1-1: Foul Ball, location: 2F
1-2: Strikes out swinging
Top of the 1st over - 1 run, 2 hits, 0 errors, 1 left on base; Ellenburg 1 - Pennsauken 0
BOTTOM OF THE 1ST
Pennsauken Flyers batting - Pitching for Ellenburg Fighting Dachsunds : LHP Seymour Hummel
Pitching: LHP Seymour Hummel
Batting: RHB Héctor Amador 0-0: Called Strike
0-1: Swinging Strike
0-2: Ground out 1-3 (Groundball, P)
Batting: RHB Juan Camacho 0-0: Foul Ball, location: 2F
0-1: Ball
1-1: Ground out 6-3 (Groundball, 6M)
Batting: LHB Thierry Honoré 0-0: Foul Ball, location: 2F
0-1: Ball
1-1: Ball
2-1: Foul Ball, location: 2F
2-2: Fly out, F7 (Flyball, 7S)
Bottom of the 1st over - 0 runs, 0 hits, 0 errors, 0 left on base; Ellenburg 1 - Pennsauken 0
TOP OF THE 2ND
Ellenburg Fighting Dachsunds batting - Pitching for Pennsauken Flyers : RHP Vincent O'Higgin
Batting: LHB Vicente Castaneda 0-0: Called Strike
0-1: Ball
1-1: Fly out, F8 (Flyball, 8LS)
Batting: RHB Daniel Riley 0-0: Called Strike
0-1: Foul Ball, location: 2F
0-2: Strikes out looking
Batting: RHB José Vázquez 0-0: Ball
1-0: Foul Ball, location: 2F
1-1: Foul Ball, location: 2F
1-2: Ball
2-2: Strikes out swinging
Top of the 2nd over - 0 runs, 0 hits, 0 errors, 0 left on base; Ellenburg 1 - Pennsauken 0
BOTTOM OF THE 2ND
Pennsauken Flyers batting - Pitching for Ellenburg Fighting Dachsunds : LHP Seymour Hummel
Batting: RHB José Leyva 0-0: Called Strike
0-1: Foul Ball, location: 2F
0-2: Ball
1-2: Ball
2-2: Strikes out swinging
Batting: LHB Manuel Márquez 0-0: Called Strike
0-1: Called Strike
0-2: Fly out, F4 (Line Drive, 4)
Batting: RHB Ernesto López 0-0: Called Strike
0-1: Ball
1-1: Foul Ball, location: 2F
1-2: Fly out, F8 (Flyball, 89S)
Bottom of the 2nd over - 0 runs, 0 hits, 0 errors, 0 left on base; Ellenburg 1 - Pennsauken 0
TOP OF THE 3RD
Ellenburg Fighting Dachsunds batting - Pitching for Pennsauken Flyers : RHP Vincent O'Higgin
Batting: RHB Ryan French 0-0: Called Strike
0-1: Ball
1-1: Foul Ball, location: 2F
1-2: Ball
2-2: Foul Ball, location: 2F
2-2: DOUBLE (Groundball, 5L)
Batting: LHB Dong-hwan Yun 0-0: Ball
1-0: Ball
2-0: Ball
3-0: Called Strike
3-1: Base on Balls
Batting: RHB Manny Bendixen 0-0: Ball
1-0: SINGLE (Groundball, 34D)
Ryan French to third
Dong-hwan Yun to second
Batting: RHB Steve Koch 0-0: Swinging Strike
0-1: Foul Ball, location: 2F
0-2: Ball
1-2: Grounds into double play, 5-4-3 (Groundball, 5)
Ryan French scores
Dong-hwan Yun to third
Batting: RHB Edgar Balerio 0-0: Ball
1-0: Called Strike
1-1: Fly out, F8 (Flyball, 8LS)
Top of the 3rd over - 1 run, 2 hits, 0 errors, 1 left on base; Ellenburg 2 - Pennsauken 0
BOTTOM OF THE 3RD
Pennsauken Flyers batting - Pitching for Ellenburg Fighting Dachsunds : LHP Seymour Hummel
Batting: RHB Juan Moreno 0-0: Called Strike
0-1: Called Strike
0-2: Strikes out looking
Batting: RHB Juan Herrera 0-0: Foul Ball, location: 2F
0-1: Ball
1-1: Swinging Strike
1-2: SINGLE (Line Drive, 56)
Batting: RHB Gerardo Maldonado 0-0: Ball
1-0: Fly out, F9 (Line Drive, 9)
Batting: RHB Héctor Amador 0-0: Ball
1-0: Called Strike
1-1: Foul Ball, location: 2F
1-2: Ground out 6-3 (Groundball, 6)
Bottom of the 3rd over - 0 runs, 1 hit, 0 errors, 1 left on base; Ellenburg 2 - Pennsauken 0
TOP OF THE 4TH
Ellenburg Fighting Dachsunds batting - Pitching for Pennsauken Flyers : RHP Vincent O'Higgin
Batting: LHB Michael Neely 0-0: Ball
1-0: DOUBLE (Flyball, 8RXD)
Batting: LHB Vicente Castaneda 0-0: Called Strike
0-1: Called Strike
0-2: Ball
1-2: Strikes out swinging
Batting: RHB Daniel Riley 0-0: Ball
1-0: Fly out, F7 (Line Drive, 7)
Batting: RHB José Vázquez 0-0: Ball
1-0: Ball
2-0: Swinging Strike
2-1: Called Strike
2-2: Foul Ball, location: 2F
2-2: Foul Ball, location: 2F
2-2: Ground out 1-3 (Groundball, 15S)
Top of the 4th over - 0 runs, 1 hit, 0 errors, 1 left on base; Ellenburg 2 - Pennsauken 0
BOTTOM OF THE 4TH
Pennsauken Flyers batting - Pitching for Ellenburg Fighting Dachsunds : LHP Seymour Hummel
Batting: RHB Juan Camacho 0-0: Ground out 1-3 (Groundball, P)
Batting: LHB Thierry Honoré 0-0: Called Strike
0-1: Called Strike
0-2: Foul Ball, location: 2F
0-2: Fly out, F9 (Flyball, 9S)
Batting: RHB José Leyva 0-0: Called Strike
0-1: Ball
1-1: Called Strike
1-2: DOUBLE (Flyball, 8RXD)
Batting: LHB Manuel Márquez 0-0: Ball
1-0: Ball
2-0: Foul Ball, location: 2F
2-1: Ball
3-1: Foul Ball, location: 2F
3-2: Foul Ball, location: 2F
3-2: Strikes out swinging
Bottom of the 4th over - 0 runs, 1 hit, 0 errors, 1 left on base; Ellenburg 2 - Pennsauken 0
TOP OF THE 5TH
Ellenburg Fighting Dachsunds batting - Pitching for Pennsauken Flyers : RHP Vincent O'Higgin
Batting: RHB Ryan French 0-0: Foul Ball, location: 2F
0-1: Ball
1-1: Ball
2-1: Fly out, F9 (Flyball, 9)
Batting: LHB Dong-hwan Yun 0-0: Ball
1-0: Fly out, F8 (Flyball, 8RD)
Batting: RHB Manny Bendixen 0-0: Foul Ball, location: 2F
0-1: Fly out, F5 (Line Drive, 56)
Top of the 5th over - 0 runs, 0 hits, 0 errors, 0 left on base; Ellenburg 2 - Pennsauken 0
BOTTOM OF THE 5TH
Pennsauken Flyers batting - Pitching for Ellenburg Fighting Dachsunds : LHP Seymour Hummel
Batting: RHB Ernesto López 0-0: Ball
1-0: Fly out, F9 (Flyball, 9)
Batting: RHB Juan Moreno 0-0: Foul Ball, location: 2F
0-1: Foul Ball, location: 2F
0-2: Strikes out swinging
Batting: RHB Juan Herrera 0-0: Ball
1-0: Called Strike
1-1: Ball
2-1: Foul Ball, location: 2F
2-2: Foul Ball, location: 2F
2-2: Foul Ball, location: 2F
2-2: Ground out 2-3 (Groundball, 2L)
Bottom of the 5th over - 0 runs, 0 hits, 0 errors, 0 left on base; Ellenburg 2 - Pennsauken 0
TOP OF THE 6TH
Ellenburg Fighting Dachsunds batting - Pitching for Pennsauken Flyers : RHP Vincent O'Higgin
Batting: RHB Steve Koch 0-0: Fly out, F9 (Flyball, 9S)
Batting: RHB Edgar Balerio 0-0: Fly out, F7 (Flyball, 7S)
Batting: LHB Michael Neely 0-0: Foul Ball, location: 2F
0-1: Ball
1-1: Ball
2-1: Foul Ball, location: 2F
2-2: Foul Ball, location: 2F
2-2: Ball
3-2: Foul Ball, location: 2F
3-2: Base on Balls
Batting: LHB Vicente Castaneda 0-0: Ball
1-0: Foul Ball, location: 2F
1-1: Ground out 4-3 (Groundball, 4)
Top of the 6th over - 0 runs, 0 hits, 0 errors, 1 left on base; Ellenburg 2 - Pennsauken 0
BOTTOM OF THE 6TH
Pennsauken Flyers batting - Pitching for Ellenburg Fighting Dachsunds : LHP Seymour Hummel
Batting: RHB Gerardo Maldonado 0-0: SINGLE (Flyball, 7LM)
Batting: RHB Héctor Amador 0-0: Called Strike
0-1: Ball
1-1: Ball
2-1: Reached on error, E3 (Groundball, 23)
Gerardo Maldonado to second
Batting: RHB Juan Camacho 0-0: Sac Bunt - play at first, batter OUT! 1-3
Gerardo Maldonado to third
Héctor Amador to second
Batting: LHB Thierry Honoré 0-0: Ground out 5-3 (Groundball, 5L)
Batting: RHB José Leyva 0-0: Called Strike
0-1: Ball
1-1: Ball
2-1: Foul Ball, location: 2F
2-2: Foul Ball, location: 2F
2-2: Strikes out swinging
Bottom of the 6th over - 0 runs, 1 hit, 1 error, 2 left on base; Ellenburg 2 - Pennsauken 0
TOP OF THE 7TH
Ellenburg Fighting Dachsunds batting - Pitching for Pennsauken Flyers : RHP Vincent O'Higgin
Batting: RHB Daniel Riley 0-0: SINGLE (Groundball, 4D)
Batting: RHB José Vázquez 0-0: Foul Ball, location: 2F
0-1: Ball
1-1: Ball
2-1: Called Strike
2-2: Ball
3-2: Base on Balls
Daniel Riley to second
Batting: RHB Ryan French 0-0: Grounds into double play, 5-4-3 (Groundball, 56)
Daniel Riley to third
Batting: LHB Dong-hwan Yun 0-0: Ball
1-0: Foul Ball, location: 2F
1-1: Ball
2-1: Ground out 1-3 (Groundball, 13)
Top of the 7th over - 0 runs, 1 hit, 0 errors, 1 left on base; Ellenburg 2 - Pennsauken 0
BOTTOM OF THE 7TH
Pennsauken Flyers batting - Pitching for Ellenburg Fighting Dachsunds : LHP Seymour Hummel
Batting: LHB Manuel Márquez 0-0: Ground out 1-3 (Groundball, 13)
Batting: RHB Ernesto López 0-0: Ball
1-0: Ground out 5-3 (Groundball, 56S)
Batting: RHB Juan Moreno 0-0: Called Strike
0-1: Ball
1-1: Called Strike
1-2: Fly out, F8 (Line Drive, 8RD)
Bottom of the 7th over - 0 runs, 0 hits, 0 errors, 0 left on base; Ellenburg 2 - Pennsauken 0
TOP OF THE 8TH
Ellenburg Fighting Dachsunds batting - Pitching for Pennsauken Flyers : RHP Vincent O'Higgin
Batting: RHB Manny Bendixen 0-0: Called Strike
0-1: Ball
1-1: Swinging Strike
1-2: Fly out, F7 (Line Drive, 78M)
Batting: RHB Steve Koch 0-0: SINGLE (Groundball, 25) (infield hit)
Batting: RHB Edgar Balerio 0-0: Foul Ball, location: 2F
0-1: Fly out, F9 (Flyball, 89D)
Batting: LHB Michael Neely 0-0: Swinging Strike
0-1: Ball
1-1: Ball
2-1: Swinging Strike
2-2: Strikes out swinging
Top of the 8th over - 0 runs, 1 hit, 0 errors, 1 left on base; Ellenburg 2 - Pennsauken 0
BOTTOM OF THE 8TH
Pennsauken Flyers batting - Pitching for Ellenburg Fighting Dachsunds : LHP Seymour Hummel
Batting: RHB Juan Herrera 0-0: Ball
1-0: Called Strike
1-1: Ball
2-1: SINGLE (Groundball, 56S) (infield hit)
Batting: RHB Gerardo Maldonado 0-0: Ball
1-0: Ball
2-0: SINGLE (Groundball, 6S) (infield hit)
Juan Herrera to second
Batting: RHB Héctor Amador 0-0: Bunt - Flyout! F5
Pinch Hitting: RHB Enoch Reinhardt 0-0: Fly out, F7 (Flyball, 7D)
Runner from 2nd tags up, SAFE at 3rd, no throw
Pinch Hitting: RHB Marc Beck 0-0: Called Strike
0-1: Called Strike
0-2: Ball
1-2: Strikes out swinging
Bottom of the 8th over - 0 runs, 2 hits, 0 errors, 2 left on base; Ellenburg 2 - Pennsauken 0
TOP OF THE 9TH
Ellenburg Fighting Dachsunds batting - Pitching for Pennsauken Flyers : RHP Vincent O'Higgin
Pitching: RHP Stanley Kent
Now in CF: Marc Beck
Now in RF: Enoch Reinhardt
Batting: LHB Vicente Castaneda 0-0: Ball
1-0: Ball
2-0: Ball
3-0: Called Strike
3-1: Base on Balls
Batting: RHB Daniel Riley 0-0: Fly out, F3 (Popup, 23F)
Batting: RHB José Vázquez 0-0: Called Strike
0-1: Ball
1-1: Called Strike
1-2: Ball
2-2: Strikes out swinging
Batting: RHB Ryan French 0-0: Ball
1-0: Ground out 4-3 (Groundball, 34)
Top of the 9th over - 0 runs, 0 hits, 0 errors, 1 left on base; Ellenburg 2 - Pennsauken 0
BOTTOM OF THE 9TH
Pennsauken Flyers batting - Pitching for Ellenburg Fighting Dachsunds : LHP Seymour Hummel
Pitching: RHP Félix Santiago
Batting: RHB José Leyva 0-0: Ball
1-0: Called Strike
1-1: SINGLE (Groundball, 56D)
Batting: LHB Manuel Márquez 0-0: Foul Ball, location: 2F
0-1: Fielders Choice at 2nd, 4-6 (Groundball, 4)
Batting: RHB Ernesto López 0-0: Called Strike
0-1: DOUBLE (Flyball, 89D)
Manuel Márquez to third
Batting: RHB Juan Moreno 0-0: Ground out 6-3 (Groundball, 6)
Batting: RHB Juan Herrera 0-0: Ball
1-0: Called Strike
1-1: Ball
2-1: Fly out, F8 (Flyball, 8LM)
Bottom of the 9th over - 0 runs, 2 hits, 0 errors, 2 left on base; Ellenburg 2 - Pennsauken 0
Sunday, March 18th, 2018 - OOTP Baseball 18.8 Build 76